 Dungeon Crawl Stone Soup version 0.30.1-4-g462c640d31 (webtiles) character file.

Game seed: 6015796327163495010

3912 LynnLen the Covert (level 10, -3/49 HPs)
             Began as a Spriggan Enchanter on Sept 1, 2023.
             Was a Believer of Dithmenos.
             Slain by Gastronok (37 damage)
             ... on level 8 of the Dungeon on Sept 2, 2023.
             The game lasted 00:32:53 (9296 turns).

LynnLen the Covert (Spriggan Enchanter)             Turns: 9296, Time: 00:32:54

Health: -3/49      AC:  2    Str:  4    XL:     10   Next: 1%
Magic:  27/29      EV: 23    Int: 20    God:    Dithmenos [**....]
Gold:   418        SH:  5    Dex: 23    Spells: 11/21 levels left

rFire   + . .        a - +3 dagger
rCold   + . .        (no shield)
rNeg    . . .        b - +0 robe
rPois   +            (helmet restricted)
rElec   +            (no cloak)
rCorr   +            (gloves unavailable)
SInv    +            (boots unavailable)
Will    +....        q - amulet of reflection
Stlth   ++++++       j - +6 ring of dexterity
HPRegen 0.28/turn    x - ring of magical power
MPRegen 0.21/turn

%: reflection
@: resistant, hasted, wreathed by umbra, very quick
A: very small, no large weapons, unfitting armour, see invisible, speed 3
a: Renounce Religion, Shadow Step


You were on level 8 of the Dungeon.
You worshipped Dithmenos.
Dithmenos was pleased with you.
You visited 2 branches of the dungeon, and saw 9 of its levels.

You collected 548 gold pieces.
You spent 130 gold pieces at shops.

Inventory:

Hand Weapons
 a - a +3 dagger (weapon)
Missiles
 s - 3 curare-tipped darts
 I - 9 poisoned darts
Armour
 b - a +0 robe (worn)
Jewellery
 h - a ring of resist corrosion
 j - a +6 ring of dexterity (left hand)
 q - an amulet of reflection (around neck)
 x - a ring of magical power (right hand)
 F - a ring of protection from cold
Wands
 y - a wand of iceblast (24)
 B - a wand of flame (22)
 G - a wand of acid (14)
Scrolls
 e - 2 scrolls of immolation
 g - a scroll of poison
 i - a scroll of torment {unknown}
 k - a scroll of vulnerability {unknown}
 m - 3 scrolls of fear
 n - a scroll of brand weapon {unknown}
 o - 2 scrolls of teleportation
 p - a scroll of enchant armour {unknown}
 r - 3 scrolls of fog
 v - 3 scrolls of magic mapping
 z - a scroll of blinking
 A - a scroll of summoning
 J - a scroll of noise {unknown}
Potions
 c - 6 potions of invisibility
 d - 2 potions of lignification
 f - a potion of attraction {unknown}
 t - 4 potions of flight
 u - a potion of mutation
 w - a potion of curing
 C - a potion of magic {unknown}
 E - a potion of cancellation {unknown}
 H - 2 potions of might {unknown}
 K - a potion of heal wounds {unknown}


   Skills:
 + Level 3.8 Fighting
 * Level 5.9 Short Blades
 + Level 6.7 Dodging
 + Level 9.1 Stealth
 + Level 6.4 Spellcasting
 - Level 8.0 Hexes
 + Level 3.1 Translocations
 - Level 4.0 Ice Magic
 + Level 3.8 Invocations


You had 11 spell levels left.
You knew the following spells:

 Your Spells              Type           Power      Damage    Failure   Level
a - Ensorcelled Hibernat  Hex/Ice        60%        N/A       1%          2
b - Confusing Touch       Hex            38%        N/A       1%          3
c - Tukima's Dance        Hex            38%        N/A       1%          3
d - Blink                 Tloc           38%        N/A       4%          2

Your spell library contained the following spells:

 Spells                   Type           Power      Damage    Failure   Level
 Dazzling Flash           Conj/Hex       44%        N/A       6%          3
 Beastly Appendage        Tmut           12%        N/A       10%         1
 Magic Dart               Conj           24%        1d4       10%         1
 Necrotise                Necr           24%        1d5       10%         1
 Call Imp                 Summ           12%        N/A       16%         2
 Wereblood                Tmut           6%         N/A       16%         2
 Volatile Blastmotes      Fire/Tloc      24%        2d12      16%         3
 Manifold Assault         Tloc           19%        N/A       26%         4
 Mephitic Cloud           Conj/Pois/Air  6%         N/A       30%         3
 Spider Form              Tmut/Pois      6%         N/A       30%         3
 Vampiric Draining        Necr           6%         2d6       30%         3
 Iskenderun's Mystic Bla  Conj/Tloc      12%        2d5       45%         4
 Agony                    Necr           6%         N/A       95%         5
 Starburst                Conj/Fire      3%         6d3       100%        6
 Storm Form               Tmut/Air       3%         N/A       100%        7
 Chain Lightning          Conj/Air       3%         3d4       100%        9
 Fire Storm               Conj/Fire      3%         8d1       100%        9
 Shatter                  Erth           3%         3d7*      100%        9


Dungeon Overview and Level Annotations

Branches:
Dungeon (8/15)             Temple (1/1) D:4
   Lair: D:8-11

Altars:
Ashenzari
Cheibriados
Dithmenos
Elyvilon
Fedhas
Gozag
Hepliaklqana
Kikubaaqudgha
Makhleb
Nemelex Xobeh
Okawaru
Qazlal
Ru
Sif Muna
Uskayaw
Vehumet
Wu Jian
Xom
Yredelemnul
Zin
The Shining One

Shops:
D:6 (

Annotations:
D:7 3 runed translucent doors, 2 transporters, SweetJohnnyV's ghost, novice MiBe
D:8 Gastronok


Innate Abilities, Weirdness & Mutations

You are very small and have problems with some larger weapons.
You are too small for most types of armour.
You have supernaturally acute eyesight. (SInv)
You cover ground extremely quickly. (Speed+++)


Message History

Dithmenos accepts your kill.
You can now step into the shadows of nearby creatures.
Things that are here:
a +0 club; a +0 scale mail; an orc corpse
Things that are here:
a +0 dagger; a +0 robe
Things that are here:
a +0 hand axe; an orc corpse
Okay, then.
Gastronok waves his eye-stalks in wide circles.
The air twists around and strikes you!!
Ouch! That really hurt!
Unknown command.
You feel better.
You feel better.
Okay, then.
You feel yourself speed up.
You feel protected.
Casting: Confusing Touch (safe; 1% risk of failure)
Press: ? - help, Q - select action, (/) - cycle Dir - look around, f - activate Your hands begin to glow red.
Gastronok chants a spell, wobbling all the while.
You hit Gastronok but do no damage. You hit Gastronok but do no damage.
You hit Gastronok but do no damage. You hit Gastronok but do no damage.
Gastronok waves his eye-stalks in wide circles.
The air twists around and strikes you!
You hit Gastronok but do no damage. You hit Gastronok but do no damage.
You hit Gastronok but do no damage. You hit Gastronok but do no damage.
Gastronok completely misses you.
You hit Gastronok but do no damage. You hit Gastronok but do no damage.
You hit Gastronok but do no damage.
Gastronok appears confused.
You hit Gastronok.
Gastronok is lightly wounded.
Gastronok bites you!!!
Ouch! That really hurt!
You die...

#.##.....#.#..#
#.##.##)(.##..#
##.##.#######..#
.<....#
#..##########
......#
#...))......#
......#
##)####)w...#
......# #.#
#.....###
......#
#.####........
#####.#
#..@wr.....~≈.
#.#
########.#~~~≈
#.# ....~. #.#
.####♣ ..# .#
###


You could see Gastronok (confused) and a quokka (summoned).

Vanquished Creatures
  A two-headed ogre (D:8)
  A deep elf zephyrmancer (D:6)
  Psyche (D:8)
  Menkaure (D:6)
  3 black bears
  3 ice beasts
  4 ogres
  3 centaurs
  5 phantoms
  A bullfrog (D:7)
  4 scorpions
  2 hounds (D:5)
  An orc priest (D:4)
  4 jellies
  4 iguanas
  A sleepcap (D:6)
  Ijyb (D:3)
  2 orc wizards
  7 gnolls
  4 adders
  2 white imps
  3 ufetubi
  A worm (D:2)
  A dart slug (D:2)
  21 orcs
  10 ball pythons
  5 endoplasms
  2 giant cockroaches
  5 goblins
  3 hobgoblins
  3 jackals (D:3)
  4 quokkas
  3 bats
  5 frilled lizards
  9 kobolds
  5 rats
135 creatures vanquished.

Vanquished Creatures (collateral kills)
  A centaur (D:7)
1 creature vanquished.

Grand Total: 136 creatures vanquished

Notes
Turn   | Place    | Note
-------+----------+-------------------------------------------
     0 | D:1      | LynnLen the Spriggan Enchanter began the quest for the Orb.
     0 | D:1      | Reached XP level 1. HP: 9/9 MP: 5/5
   455 | D:1      | Reached XP level 2. HP: 8/13 MP: 6/6
   474 | D:1      | Learned a level 2 spell: Ensorcelled Hibernation
  1231 | D:2      | Reached XP level 3. HP: 16/17 MP: 8/8
  1314 | D:2      | Found a faded altar of an unknown god.
  1630 | D:2      | Reached skill level 1 in Ice Magic
  1828 | D:2      | Found a hazy altar of Hepliaklqana.
  1857 | D:2      | Learned a level 3 spell: Confusing Touch
  1861 | D:2      | Learned a level 3 spell: Tukima's Dance
  2052 | D:3      | Reached XP level 4. HP: 21/21 MP: 1/9
  2233 | D:3      | Reached skill level 5 in Stealth
  2438 | D:3      | Reached skill level 1 in Fighting
  2869 | D:3      | Noticed Ijyb
  2879 | D:3      | Killed Ijyb
  2880 | D:3      | Reached XP level 5. HP: 25/25 MP: 11/11
  3620 | D:4      | Noticed a phantom
  3652 | D:4      | Killed a phantom
  3966 | D:4      | Noticed a black bear
  3979 | D:4      | Killed a black bear
  3980 | D:4      | Reached skill level 5 in Hexes
  3980 | D:4      | Reached XP level 6. HP: 20/30 MP: 12/12
  4344 | D:4      | Found a staircase to the Ecumenical Temple.
  4354 | Temple   | Entered the Ecumenical Temple
  4365 | Temple   | Became a worshipper of Dithmenos the Shadowed
  5086 | D:5      | Entered Level 5 of the Dungeon
  5260 | D:5      | Reached skill level 6 in Stealth
  5260 | D:5      | Reached XP level 7. HP: 34/34 MP: 13/13
  5589 | D:5      | Reached skill level 1 in Invocations
  5781 | D:5      | Reached XP level 8. HP: 39/39 MP: 11/15
  6293 | D:6      | Found Vugior's Antique Weapon Shoppe.
  6382 | D:6      | Reached skill level 5 in Dodging
  6427 | D:6      | Bought a glowing dagger for 130 gold pieces
  6507 | D:6      | Reached * piety under Dithmenos
  6522 | D:6      | Reached skill level 7 in Stealth
  6633 | D:6      | Noticed Menkaure
  6645 | D:6      | Killed Menkaure
  6734 | D:6      | Reached skill level 5 in Spellcasting
  7121 | D:6      | Noticed a deep elf zephyrmancer
  7124 | D:6      | Killed a deep elf zephyrmancer
  7125 | D:6      | Reached XP level 9. HP: 44/44 MP: 18/18
  7724 | D:7      | Reached skill level 8 in Stealth
  7769 | D:7      | Found a sparkling altar of Nemelex Xobeh.
  7770 | D:7      | Found a snail-covered altar of Cheibriados.
  7774 | D:7      | Noticed SweetJohnnyV's ghost (novice MiBe)
  7861 | D:7      | Learned a level 2 spell: Blink
  7879 | D:7      | Found a runed translucent gate.
  7879 | D:7      | Found a runed translucent gate.
  7879 | D:7      | Found a runed translucent gate.
  8012 | D:7      | Found a transporter.
  8038 | D:7      | Found a transporter.
  8228 | D:6      | Reached skill level 1 in Translocations
  8653 | D:7      | Reached skill level 5 in Short Blades
  8710 | D:7      | Noticed a cyclops
  9049 | D:8      | Noticed Psyche
  9052 | D:8      | Killed Psyche
  9104 | D:8      | Noticed a two-headed ogre
  9141 | D:8      | Killed a two-headed ogre
  9142 | D:8      | Reached skill level 9 in Stealth
  9142 | D:8      | Reached XP level 10. HP: 49/49 MP: 20/20
  9181 | D:8      | Noticed Gastronok
  9244 | D:8      | Reached ** piety under Dithmenos
  9296 | D:8      | Slain by Gastronok

Illustrated notes

Levels and vault maps discovered:
D:1:      dreamdust_arrival_beginning_and_end, layout_basic,
          grunt_decor_one_mirror
D:2:      layout_rooms, basic_altar, chequers_ecumenical_altar_simple,
          nrook_campfire
D:3:      layout_basic, uniq_ijyb
D:4:      layout_gridville, minmay_temple_entry_fiery
D:5:      layout_gridville
D:6:      layout_basic, serial_shops, nicolae_shop_hallway_plus,
          guppyfry_early_elven_hall, uniq_menkaure
D:7:      gammafunk_beogh_shrine, layout_basic,
          mainiacjoe_overflow_divided_tiny, gammafunk_ghost_icy,
          minmay_diced_spiral
D:8:      layout_loops_ring, serial_rivers, chequers_serial_rivers_marsh,
          chequers_serial_rivers_micro_a, chequers_serial_rivers_micro_c,
          chequers_serial_rivers_micro_d, uniq_psyche, uniq_gastronok
Temple:   compressed_dpeg_triangle_lava_temple

Skill      XL: |  1  2  3  4  5  6  7  8  9 |
---------------+----------------------------+-----
Dodging        | 3 4 5 6 |  6.7
Hexes          | 4 5 6 7 8 |  8.0
Spellcasting   | 3 4 5 6 |  6.4
Ice Magic      | 1 2 3 4 |  4.0
Stealth        | 5 6 7 9 |  9.1
Fighting       | 1 2 3 |  3.8
Short Blades   | 2 3 4 5 |  5.9
Invocations    | 1 2 3 |  3.8
Translocations | 3 |  3.1

Action                     |  1- 3 |  4- 6 |  7- 9 | 10-12 || total
---------------------------+-------+-------+-------+-------++-------
  Melee: Dagger            |    98 |   106 |   168 |    51 ||   423
         Punch             |       |     2 |     2 |     1 ||     5
   Cast: Ensorcelled Hiber |    19 |     9 |    40 |       ||    68
         Confusing Touch   |       |     1 |     9 |     1 ||    11
         Tukima's Dance    |       |       |     3 |       ||     3
    Use: Scroll            |     2 |     8 |     6 |       ||    16
         Potion            |     2 |       |       |     4 ||     6
   Stab: Sleeping          |    23 |    16 |    34 |       ||    73
         Confused          |       |     1 |     8 |       ||     9
 Armour: Robe              |     7 |     7 |     7 |     1 ||    22
  Dodge: Dodged            |    71 |    86 |   128 |    21 ||   306
  Block: Other             |       |    18 |    36 |     5 ||    59
         Reflection        |       |     1 |       |       ||     1
